 Dungeon Crawl Stone Soup version bcrawl-1.12-11-gb93c957c58 (webtiles) character file.

Game seed: 8535549609619369342

256 Freyura the Skirmisher (level 6, -3/56 HPs)
             Began as a Hill Orc Fighter on July 7, 2019.
             Slain by a sky beast (5 damage)
             ... on level 4 of the Dungeon.
             The game lasted 00:07:57 (2842 turns).

Freyura the Skirmisher (Hill Orc Fighter)           Turns: 2842, Time: 00:07:58

Health: -3/56      AC:  7    Str: 24    XL:     6   Next: 15%
Magic:  6/6        EV:  6    Int:  8    God:
Gold:   258        SH: 19    Dex: 16    Spells: 5/5 levels left

rFire    . . .     SeeInvis .   a - +1 flail
rCold    . . .     Gourm    .   q - +3 large shield
rNeg     . . .     Faith    .   b - +0 scale mail
rPois    .         Spirit   .   c - +0 hat
rElec    .         Reflect  .   (no cloak)
rCorr    .         Harm     .   (no gloves)
MR       .....                  (no boots)
Stlth    ..........             j - amulet of the acrobat
HPRegen  0.18/turn              m - +4 ring of dexterity
MPRegen  0.10/turn              (no ring)

@: mighty, lethally poisoned (-3 -> -5)
A: no striking features
a: no special abilities


You were on level 4 of the Dungeon.
You were not hungry.

You visited 1 branch of the dungeon, and saw 4 of its levels.

You collected 258 gold pieces.

Inventory:

Hand Weapons
 a - a +1 flail (weapon)
Armour
 b - a +0 scale mail (worn)
 c - a +0 hat (worn)
 q - a +3 large shield (worn)
Jewellery
 j - an amulet of the acrobat (around neck)
 m - a +4 ring of dexterity (left hand)
Scrolls
 o - 2 scrolls of remove curse
 p - a scroll of identify
 s - a scroll of immolation {unknown}
 u - a scroll of enchant armour
Potions
 d - 2 potions of might
 e - 2 potions of agility {unknown}
 g - a potion of degeneration {unknown}
 h - 3 potions of mutation {unknown}
 i - a potion of curing {unknown}
 k - a potion of berserk rage {unknown}
 l - a potion of cancellation {unknown}
 n - 2 potions of brilliance {unknown}
 r - 2 potions of flight {unknown}
 t - 2 potions of heal wounds {unknown}
Comestibles
 f - 9 rations {!d}


   Skills:
 * Level 5.3 Fighting
   Level 5.3 Short Blades
   Level 5.3 Long Blades
   Level 5.3 Axes
   Level 5.3 Maces & Flails
   Level 5.3 Polearms
   Level 5.3 Staves
 + Level 4.1 Armour
 + Level 0.9 Dodging
 + Level 5.0 Shields
   Level 5.3 Unarmed Combat


You had 5 spell levels left.
You didn't know any spells.
Your spell library was empty.

Dungeon Overview and Level Annotations

Branches:
Dungeon (4/12)
 Temple: D:4-7

Altars:
Gozag
Trog


Message History

* * * LOW HITPOINT WARNING * * *
The orc wizard completely misses you. You block the frilled lizard's attack.
You block the sky beast's attack.
You hit the orc.
The orc is moderately wounded.
You feel sick. You block the orc wizard's attack.
You block the worker ant's attack.
The frilled lizard bites you but does no damage.
You block the orc wizard's attack.
The sky beast hits you but does no damage.
The worker ant bites you but does no damage.
You block the orc's attack.
You closely miss the orc.
The orc is moderately wounded.
You block the orc wizard's attack. You block the orc's attack.
The frilled lizard barely misses you. You block the worker ant's attack.
The sky beast hits you.
* * * LOW HITPOINT WARNING * * *
The sky beast shocks you.
You die...

........##############
.....................###
......#.##[#.......#...#
#.#.#......#....#..#..##
.....o.....#......###...
#.#.#oo............#....
......loo...............
#.#.#oa@o...............
......Y....†#####.......
.....##.....#$??#.......
.... #.....#([)#.......
... #.....#$?%#.....##
.. .<.....#####.....## .
....................#
.######..............
#.........#....


You could see a sky beast, a worker ant, 2 orc wizards, 5 orcs and a frilled
lizard.

Vanquished Creatures
  A crimson imp (D:3)
  An iguana (D:4)
  An orc wizard (D:4)
  5 adders
  An ooze (D:3)
  3 worms (D:3)
  2 dart slugs (D:3)
  8 leopard geckos
  8 orcs
  6 giant cockroaches
  9 goblins
  10 hobgoblins
  8 kobolds
  7 quokkas
  2 ball pythons (D:2)
  5 bats
  5 frilled lizards
  A jackal skeleton (D:3)
  7 rats
90 creatures vanquished.

Notes
Turn   | Place    | Note
-------+----------+-------------------------------------------
     0 | D:1      | Freyura the Hill Orc Fighter began the quest for the Orb.
     0 | D:1      | Reached XP level 1. HP: 20/20 MP: 1/1
   351 | D:1      | Reached XP level 2. HP: 28/28 MP: 2/2
   717 | D:2      | Reached XP level 3. HP: 9/34 MP: 3/3
  1251 | D:2      | Found an opulent altar of Gozag.
  1597 | D:2      | Reached XP level 4. HP: 41/41 MP: 4/4
  1909 | D:3      | Reached skill level 5 in Fighting
  1942 | D:3      | Reached XP level 5. HP: 48/48 MP: 5/5
  1991 | D:3      | Noticed a moth of wrath
  1994 | D:3      | Found a bloodstained altar of Trog.
  2823 | D:4      | Reached XP level 6. HP: 45/56 MP: 6/6
  2826 | D:4      | Noticed a sky beast
  2840 | D:4      | Reached skill level 5 in Shields
  2842 | D:4      | HP: 2/56 [sky beast (3)]
  2842 | D:4      | Slain by a sky beast

Skill      XL: |  1  2  3  4  5  6 |
---------------+-------------------+-----
Fighting       | 5 |  5.3
Shields        | 4 5 |  5.0
Armour         | 4 |  4.1
Short Blades   | |  5.3
Long Blades    | |  5.3
Axes           | |  5.3
Maces & Flails | |  5.3
Polearms       | |  5.3
Staves         | |  5.3
Dodging        | |  0.9
Unarmed Combat | |  5.3

Action                   |  1- 3 |  4- 6 || total
-------------------------+-------+-------++-------
Melee: Flail             |   147 |   200 ||   347
  Use: Scroll            |     2 |     6 ||     8
       Potion            |       |     1 ||     1
  Eat: Chunk             |     2 |     5 ||     7
Armor: Scale mail        |    54 |    50 ||   104
       Chain mail        |     4 |    23 ||    27
Dodge: Dodged            |    40 |    47 ||    87
Block: Shield            |    65 |     5 ||    70
       Large shield      |       |   175 ||   175
